[Event "Late-Titled-Tuesday-Blitz-January-23-2024"]
[Site "Chess.com"]
[Date "2024.01.23"]
[Round "2"]
[White "Truequitos"]
[Black "MightyGMpretender"]
[Result "1/2-1/2"]
[WhiteElo "2507"]
[BlackElo "2753"]
[TimeControl "180+1"]
[EndTime "14:19:30 PST"]
[Termination "Game drawn by repetition"]

1. Nf3 c5 2. d4 cxd4 3. Qxd4 Nc6 4. Qh4 Nf6 5. Nc3 e6 6. Bg5 Be7 7. e4 Qa5 8. O-O-O a6 9. Bc4 h6 10. Rhe1 Rg8 11. Bd2 Qh5 12. Qg3 Qg4 13. Bb3 Qxg3 14. hxg3 Ng4 15. Re2 Bc5 16. Be1 b5 17. e5 f5 18. exf6 Nxf6 19. Nd5 Nxd5 20. Bxd5 Bb7 21. Ne5 Rc8 22. Be4 Rc7 23. Bg6+ Ke7 24. Bc3 b4 25. Nxc6+ Bxc6 26. Be5 Rcc8 27. Bh7 Rh8 28. Be4 Bxe4 29.
Rxe4 Rhg8 30. Rf4 d6 31. Bd4 a5 32. Re1 Bxd4 33. Rxd4 g5 34. Rd5 Rgf8 35. f3 Rc5 36. Rxc5 dxc5 37. Kd2 Rd8+ 38. Ke3 Rd4 39. Rh1 Rc4 40.
Kd3 Rd4+ 41. Ke3 Rc4 42. Kd2 Rd4+ 43. Kc1 g4 44. Rxh6 Rd5 45. Rh4 gxf3 46. gxf3 Re5 47. Kd2 Rd5+ 48. Ke2 Re5+ 49. Re4 Rh5 50. g4 Rh2+ 51.
Kd3 Kd6 52. g5 Rf2 53. Rf4 Ke5 54. Rf8 Kd5 55. g6 c4+ 56. Ke3 Rg2 57. Rg8 Ke5 58.
Ra8 Kf6 59. Rxa5 Rxc2 60. b3 Rc3+ 61. Ke4 cxb3 62. axb3 Rxb3 63. Rb5 Rb1 64. Rg5 Kg7 65. Kd3 b3 66. Kc3 Rf1 67. Rg3 Rb1 68. f4 Rf1 69.
Kxb3 Rxf4 70. Kc3 Rf6 71. Kd4 Rxg6 72. Rxg6+ Kxg6 73. Ke5 Kf7 74. Ke4 Kf6 75. Kf4 Ke7 76.
Ke5 Kd7 77. Ke4 Kd6 78. Kd4 Ke7 79. Ke5 Kd7 80. Ke4 Kd6 81. Kd4 e5+ 82. Ke4 Ke6 83. Ke3 Kd5 84. Kd3 e4+ 85. Ke3 Ke5 86. Ke2 Kd4 87. Kd2 Kd5 88. Ke3 Ke5 89. Ke2 Kd4 90.
Kd2 e3+ 91. Ke2 Ke4 92. Ke1 Kf4 93. Ke2 Ke4 94. Ke1 Kd4 95. Ke2 Ke4 1/2-1/2

[Event "Late-Titled-Tuesday-Blitz-January-23-2024"]
[Site "Chess.com"]
[Date "2024.01.23"]
[Round "2"]
[White "Smile2005"]
[Black "NikolaGry"]
[Result "0-1"]
[WhiteElo "2436"]
[BlackElo "2751"]
[TimeControl "180+1"]
[EndTime "14:19:35 PST"]
[Termination "NikolaGry won by checkmate"]

1. e4 d5 2. exd5 Nf6 3. Nf3 Nxd5 4. Be2 g6 5. d4 Bg7 6. c4 Nb6 7. Be3 O-O 8. Nbd2 Nc6 9. Nb3 e5 10. dxe5 Nxe5 11. Nxe5 Bxe5 12. Bd4 Bxd4 13. Qxd4 Be6 14. Qxd8 Raxd8 15. c5 Na4 16. O-O b6 17. cxb6 axb6 18. Rab1 Rfe8 19. Bb5 Bd7 20. Bxa4 Bxa4 21. Rfe1 Rxe1+ 22. Rxe1 Bxb3 23. axb3 Rd2 24. Rb1 Rd3 25. f3 Rxb3 26. Rc1 c5 27. Rc2 Kg7 28. Kf2 h5 29. Ke2 h4 30. h3 Kf6 31. Kd2 Kg5 32. Kc1 Rb4 33. Re2 Kf4 34. Kc2 Kg3 35. Kc3 Rf4 36. b3 b5 37. Kd3 c4+ 38. Kc3 cxb3 39.
Kxb3 f5 40. Kc3 g5 41. Kd3 b4 42. Ke3 b3 43. Rb2 Rb4 44. Kd3 Rb8 45. Kc3 Re8 46. Kd3 Re1 47. Rxb3 Kxg2 48. Rb5 f4 49. Rxg5+ Kxf3 50. Rg4 Rd1+ 51. Kc2 Rh1 52. Rxh4 Ke3 53. Rh8 f3 54.
Re8+ Kf4 55. Kd2 f2 56. Rf8+ Kg3 57. Rg8+ Kf3 58. Rf8+ Kg2 59. Rg8+ Kxh3 60. Rf8 Kg2 61. Rg8+ Kf1 62. Rf8 Rh5 63. Rg8 Re5 64. Rg6 Rd5+ 65. Kc3 Ke1 66. Re6+ Kd1 67. Rf6 Ke2 68. Kc4 Re5 69.
Kd4 Re8 70. Rf4 f1=Q 71. Rxf1 Kxf1 72. Kd5 Kf2 73. Kc6 Re3 74. Kd7 Kf3 75. Kd6 Kf4 76.
Kd5 Re5+ 77. Kd4 Kf5 78. Kd3 Re4 79. Kc3 Ke5 80. Kd3 Kd5 81. Kc3 Rd4 82. Kb3 Rc4 83. Kb2 Kd4 84. Kb3 Kd3 85. Kb2 Rb4+ 86. Ka2 Kc3 87.
Ka3 Rc4 88. Ka2 Ra4+ 89. Kb1 Ra3 90. Kc1 Ra1# 0-1

[Event "Late-Titled-Tuesday-Blitz-January-23-2024"]
[Site "Chess.com"]
[Date "2024.01.23"]
[Round "2"]
[White "dropstoneDP"]
[Black "Jarrahi2452"]
[Result "1-0"]
[WhiteElo "3052"]
[BlackElo "2645"]
[TimeControl "180+1"]
[EndTime "14:19:43 PST"]
[Termination "dropstoneDP won by checkmate"]

1. e4 c5 2. Nf3 d6 3. d4 cxd4 4. Nxd4 Nf6 5. Nc3 e5 6. Bb5+ Bd7 7. Bxd7+ Qxd7 8. Nb3 h6 9. O-O Be7 10. Be3 O-O 11. Qd3 Na6 12. a3 Nc7 13. Rad1 Rfd8 14. h3 d5 15. exd5 Ncxd5 16. Nxd5 Nxd5 17. c4 Nf6 18. Qxd7 Rxd7 19. Rxd7 Nxd7 20. Rd1 Nb6 21. Bxb6 axb6 22.
Rd7 Bf6 23. Rxb7 e4 24. Nd2 Bxb2 25. Nxe4 Bxa3 26. Rxb6 Rc8 27. Ra6 Rxc4 28. f3 Bc5+ 29. Kf1 Bd4 30. Ke2 Rb4 31. Kd3 g6 32. h4 h5 33. g4 hxg4 34. fxg4 Kg7 35. h5 gxh5 36.
gxh5 Rb6 37. Ra5 Bf6 38. Rd5 Kh6 39. Nd6 Rb3+ 40. Kc4 Rc3+ 41. Kb5 Rc7 42. Ne8 Rb7+ 43. Kc6 Ra7 44. Kb6 Re7 45. Nd6 Re6 46. Kb5 Be5 47.
Nxf7+ Kxh5 48. Nxe5 Kg5 49. Kc4 Kf6 50. Nd3 Rc6+ 51.
Nc5 Rc8 52. Rd1 Rh8 53. Rf1+ Ke7 54. Re1+ Kd6 55. Re6+ Kc7 56. Rf6 Rh4+ 57. Kb5 Rh1 58. Rf7+ Kd6 59. Rd7+ Ke5 60. Nd3+ Ke6 61. Rd4 Rb1+ 62.
Kc6 Ra1 63. Re4+ Kf5 64. Re5+ Kf6 65. Re2 Ra6+ 66. Kd5 Ra5+ 67. Nc5 Ra1 68. Ne4+ Kf5 69. Rf2+ Kg4 70. Rf8 Rb1 71. Nd6 Rd1+ 72. Ke5 Ra1 73. Nc4 Re1+ 74. Kd4 Rd1+ 75. Ke4 Re1+ 76. Ne3+ Kg5 77. Rf3 Kg6 78. Ke5 Rb1 79. Rg3+ Kf7 80. Nc4 Ke7 81. Rg7+ Kd8 82. Ra7 Rd1 83. Ke6 Rh1 84.
Nd6 Rh6+ 85. Kd5 Rh5+ 86. Kc6 Rh1 87. Rd7# 1-0

[Event "Late-Titled-Tuesday-Blitz-January-23-2024"]
[Site "Chess.com"]
[Date "2024.01.23"]
[Round "2"]
[White "iturrizaga"]
[Black "MokshanovAlexey"]
[Result "0-1"]
[WhiteElo "3013"]
[BlackElo "2643"]
[TimeControl "180+1"]
[EndTime "14:19:43 PST"]
[Termination "MokshanovAlexey won by resignation"]

1. c4 e5 2. g3 Nf6 3. Bg2 Nc6 4. Nf3 Be7 5. O-O O-O 6. Nc3 Re8 7. d4 exd4 8. Nxd4 Nxd4 9. Qxd4 d6 10. Bf4 Nd7 11. Qd2 Bf6 12. Rac1 Rb8 13. Rfd1 b6 14. Nb5 a5 15.
Na7 Bb7 16. Nc6 Bxc6 17. Bxc6 Qe7 18. Rc2 Rbd8 19. a3 Be5 20. Be3 Qe6 21. b4 axb4 22. axb4 Re7 23. Qd5 Qg6 24. Qd3 Qh5 25. Bf3 Qh3 26.
Bg2 Qe6 27. c5 bxc5 28. bxc5 Ree8 29. cxd6 Bxd6 30. Qa6 Ne5 31. Qa2 Qf6 32. Bd4 Qh6 33. h3 Qg6 34. Rdc1 h5 35. Be3 Qf6 36. Qa4 Ng6 37.
Rc3 h4 38. g4 Nf4 39. Bf1 Nd5 40. Bd4 Nxc3 41. Bxc3 Be5 42. Bxe5 Qxe5 43. e3 c5 44. Qc4 Rc8 45. Bg2 Re7 46. Be4 Kf8 47. Bf5 Rcc7 48.
Bd3 g6 49. Bf1 Kg7 50. Qc2 Qe4 51. Bd3 Qf3 52. Bf1 c4 53. Qc3+ Qf6 54. Qa5 c3 55. Qb4 Qe5 56. Bd3 Qd5 57. Bf1 c2 58. Qb2+ Qe5 59. Rxc2 Rxc2 60. Qxc2 Rc7 61. Qd2 Qc3 62. Qd5 Ra7 63. Kg2 Qf6 64. Bc4 Rc7 65. Qd3 Rb7 66. Bd5 Rb2 67. Bf3 Ra2 68. Qd5 Qb2 69. Be2 Qxe2 70. Qe5+ Kh7 71. Qf6 Ra7 72. Qxh4+ Kg7 73. g5 Qa6 74. Qd4+ Kg8 75. Qd8+ Kh7 76. h4 Qc6+ 77. Kg3 Qc7+ 78. Qxc7 Rxc7 79. Kf4 Rc5 80. e4 Rc4 81. f3 Rc6 82. Ke5 Re6+ 83. Kd5 Kg7 84.
f4 Ra6 85. Ke5 Ra5+ 86. Kd4 Ra4+ 87. Ke5 Ra3 88. f5 Rh3 89. f6+ Kf8 90. Kd5 Rxh4 91. e5 Rg4 92. Kd6 Rxg5 93. e6 fxe6 94. Kxe6 Rf5 95. f7 Rxf7 0-1

[Event "Late-Titled-Tuesday-Blitz-January-23-2024"]
[Site "Chess.com"]
[Date "2024.01.23"]
[Round "2"]
[White "Teidi96"]
[Black "bescmelasti"]
[Result "1-0"]
[WhiteElo "2421"]
[BlackElo "2689"]
[TimeControl "180+1"]
[EndTime "14:19:48 PST"]
[Termination "Teidi96 won by resignation"]

1. e4 e6 2. d4 d5 3. Nd2 c5 4. exd5 Qxd5 5. Ngf3 cxd4 6. Bc4 Qd6 7.
Qe2 Nf6 8. Nb3 Nc6 9. Bg5 Qb4+ 10. Bd2 Qb6 11. O-O Be7 12. Rfd1 O-O 13. Bf4 Rd8 14. Bb5 Bd7 15. Bxc6 Bxc6 16. Nfxd4 Be4 17. c3 a5 18. Qb5 Qxb5 19. Nxb5 a4 20. Nd2 Bc2 21. Rdc1 Bd3 22. Nd4 Nd5 23. Bg3 Rac8 24. a3 Bg5 25. Rd1 Nb6 26. N2f3 Bf6 27. Rxd3 Nc4 28. Rdd1 Nxb2 29.
Rdb1 Nd3 30. Rxb7 Rxc3 31. Nb5 Rb3 32. Nd6 Rxd6 33. Rxb3 axb3 34. Bxd6 Bxa1 35. Nd2 b2 36. a4 Nc1 37. Nb1 Nb3 38. Bb4 Nd4 39. a5 Nc6 40.
a6 f5 41. Bc5 Kf7 42. a7 Nxa7 43. Bxa7 e5 44. Kf1 Ke6 45. Ke2 Kd5 46. Kd2 Kc4 47.
Kc2 e4 48. Bb8 g5 49. Be5 Kd5 50. Bxb2 Bxb2 51. Kxb2 f4 52. Kc3 e3 53. fxe3 Ke4 54.
exf4 gxf4 55. Kd2 f3 56. g3 Kf5 57. Ke3 Kg4 58. Kf2 Kh3 59. Kxf3 Kxh2 60. Nd2 h5 61. Ne4 Kh3 62. Ng5+ Kh2 63. Ne4 Kh3 64.
Nf2+ Kh2 65. Kf4 Kg2 66. Ne4 Kh3 67. Ng5+ Kg2 68. Nf3 Kh3 69. Nh4 Kh2 70. Kf3 Kh3 71.
Kf2 Kh2 72. Nf3+ Kh3 73. Ng5+ Kh2 74. Nf3+ Kh3 75. Nh4 Kh2 76. Ng6 Kh3 77. Nf4+ Kg4 78. Ng2 Kh3 79. Kf3 Kh2 80. Ne3 Kh3 81. Nf5 h4 82. g4 Kh2 83. Nxh4 Kh3 84. g5 Kxh4 85.
g6 1-0

[Event "Late-Titled-Tuesday-Blitz-January-23-2024"]
[Site "Chess.com"]
[Date "2024.01.23"]
[Round "2"]
[White "NovakCabarkapa"]
[Black "TimGrutter03"]
[Result "1/2-1/2"]
[WhiteElo "2813"]
[BlackElo "2557"]
[TimeControl "180+1"]
[EndTime "14:19:54 PST"]
[Termination "Game drawn by stalemate"]

1. d4 d5 2. Nc3 Nf6 3. Bf4 g6 4. e3 Bg7 5. h4 h6 6. Nf3 Bf5 7. Ne5 Ne4 8. Nxe4 Bxe4 9. f3 Bf5 10. g4 Bc8 11. Bd3 Nd7 12. Nxg6 fxg6 13. Bxg6+ Kf8 14. Qd3 e5 15. Bg3 Qf6 16. O-O-O e4 17. Qa3+ Kg8 18. h5 Bf8 19. Qb3 Nb6 20. fxe4 Qe6 21.
Rdf1 c6 22. exd5 cxd5 23. e4 Be7 24. exd5 Bg5+ 25. Kb1 Qe3 26. Qb4 Bxg4 27. Be5 Bf3 28. Rh3 Nxd5 29. Qxb7 Nc3+ 30. bxc3 Bxb7 31. Bf7+ Kf8 32.
Rxe3 Bxe3 33. Bd5+ Ke7 34. Bxb7 Rhb8 35. Bxb8 Rxb8 36. a3 Rxb7+ 37. Ka2 Bd2 38. Rf3 Bg5 39. c4 Ke6 40. Rd3 Kf5 41. d5 Ke4 42. c5 Rb5 43.
Rc3 Kxd5 44. c6 Rb8 45. c7 Rc8 46. Kb3 Kd6 47. Rd3+ Kxc7 48. c4 Kb7 49. Rd7+ Rc7 50. Rd6 Re7 51. Ka4 Re5 52. Rg6 Rc5 53. Rg7+ Rc7 54.
Rg6 Rxc4+ 55. Kb5 Rc7 56. a4 Re7 57. a5 Re5+ 58. Ka4 Bd8 59. a6+ Kb8 60. Rxh6 Bb6 61. Rh7 Rg5 62. h6 Be3 63. Rh8+ Kc7 64. h7 Rh5 65.
Re8 Rh4+ 66. Kb5 Rxh7 67. Rxe3 Rh5+ 68. Kb4 Kb6 69. Re6+ Kc7 70. Kc4 Ra5 71. Kb4 Ra1 72. Rh6 Rb1+ 73. Kc5 Rc1+ 74. Kb5 Rb1+ 75. Kc5 Rc1+ 76.
Kd5 Rd1+ 77. Kc4 Rc1+ 78. Kb3 Rb1+ 79. Ka4 Ra1+ 80. Kb4 Rb1+ 81. Kc3 Rc1+ 82. Kb2 Rc6 83. Rxc6+ Kxc6 84. Ka1 Kb6 85. Kb1 Kxa6 86. Ka1 Kb6 87. Kb1 a6 88. Ka1 Ka7 89. Kb1 Kb6 90. Ka1 Ka7 91. Kb1 Kb7 92. Ka1 Kc6 93. Kb1 Kb5 94.
Ka1 Ka5 95. Kb1 Kb4 96. Ka1 Kc5 97. Kb1 Kb5 98. Ka1 a5 99. Kb1 Ka6 100. Ka1 Kb6 101. Kb1 Kc6 102. Ka1 Kc5 103. Kb1 Kd5 104. Ka1 Kc4 105. Kb1 Kb4 106. Ka1 Kc3 107. Kb1 Kb3 108. Ka1 Ka3 109. Kb1 Ka4 110. Ka1 Kb5 111. Kb1 Kb4 112. Ka1 Ka3 113. Kb1 a4 114. Ka1 Kb4 115. Ka2 Ka5 116. Ka3 Kb5 117. Ka2 Kb4 118. Kb2 a3+ 119. Ka2 Ka4 120. Ka1 Kb3 121.
Kb1 Kb4 122. Ka2 Ka4 123. Ka1 Kb3 124. Kb1 a2+ 125. Ka1 Ka3 1/2-1/2

[Event "Late-Titled-Tuesday-Blitz-January-23-2024"]
[Site "Chess.com"]
[Date "2024.01.23"]
[Round "2"]
[White "zverr1"]
[Black "imdarealist"]
[Result "1/2-1/2"]
[WhiteElo "2509"]
[BlackElo "2297"]
[TimeControl "180+1"]
[EndTime "14:20:09 PST"]
[Termination "Game drawn by repetition"]

1. e4 e5 2. Nf3 Nf6 3. Nc3 Bb4 4. Nxe5 O-O 5. Be2 Re8 6. Nd3 Bxc3 7. dxc3 Nxe4 8. O-O d5 9. Bf4 c6 10. Bg4 Nd7 11.
Re1 Ndf6 12. Bxc8 Rxc8 13. f3 Nd6 14. Rxe8+ Ndxe8 15. Qe2 Nd6 16. Re1 Nf5 17. Bg5 h6 18. Qe5 Qb6+ 19. Kf1 Re8 20. Qxf5 Rxe1+ 21. Nxe1 hxg5 22.
Nd3 Qe3 23. Qc8+ Kh7 24. Qxb7 g4 25. Qxf7 gxf3 26. gxf3 Qxf3+ 27. Nf2 Qe3 28. Qc7 Qc1+ 29. Kg2 Qxb2 30. Qxc6 Qxa2 31. Qb7 Qxc2 32. Qxa7 Qxc3 33. Qa6 Qc2 34. Qe6 Qg6+ 35. Kf1 Qh5 36. Qe7 Qxh2 37. Qe6 Qg3 38. Qf5+ Qg6 39. Qh3+ Kg8 40. Qc8+ Qe8 41. Qf5 Qb5+ 42. Kg1 Qd7 43. Qe5 Kf7 44. Kf1 Qe6 45. Qc7+ Kg6 46. Qg3+ Kf7 47. Qc7+ Qe7 48.
Qc6 Qe3 49. Qc7+ Kg6 50. Qh2 Qc1+ 51. Kg2 Qg5+ 52. Kf1 Ne4 53. Nxe4 dxe4 54. Qc2 Qf5+ 55. Kg1 Qg4+ 56. Kh1 Qf3+ 57. Kg1 Kf5 58. Qc5+ Kf4 59.
Qc7+ Ke3 60. Qc3+ Ke2 61. Qc2+ Ke3 62. Qc3+ Kf4 63. Qc7+ Kg4 64. Qxg7+ Kf5 65. Qf7+ Ke5 66. Qe7+ Kd4 67. Qd6+ Kc3 68. Qc5+ Kd2 69. Qb4+ Ke2 70. Qb2+ Kd1 71. Qb1+ Kd2 72. Qb2+ Kd3 73. Qb3+ Ke2 74.
Qc2+ Ke3 75. Qc3+ Kf4 76. Qf6+ Kg3 77. Qg5+ Qg4 78. Qxg4+ Kxg4 79. Kf2 Kf4 80. Ke2 e3 81. Ke1 Ke4 82. Ke2 Kd4 83. Ke1 Ke5 84. Ke2 Ke4 85.
Ke1 Kf3 86. Kf1 Kf4 87. Ke2 Ke4 88. Ke1 Kd3 89. Kd1 Kc3 90. Ke2 Kd4 91. Ke1 Kd3 92.
Kd1 Ke4 93. Ke2 Kf4 94. Ke1 Kf3 95. Kf1 Ke4 96. Ke2 1/2-1/2

[Event "Late-Titled-Tuesday-Blitz-January-23-2024"]
[Site "Chess.com"]
[Date "2024.01.23"]
[Round "2"]
[White "BlackGod93"]
[Black "Harsha_Bharathakoti"]
[Result "0-1"]
[WhiteElo "2579"]
[BlackElo "2908"]
[TimeControl "180+1"]
[EndTime "14:20:38 PST"]
[Termination "Harsha_Bharathakoti won on time"]

1. d4 e6 2. e4 d5 3. e5 c5 4. c3 Nc6 5. Nf3 Qb6 6. Bd3 Bd7 7. O-O cxd4 8. a3 Nge7 9. Re1 Rc8 10. h4 a6 11. Nbd2 dxc3 12. bxc3 Na5 13. Rb1 Qc7 14. Nf1 Nc4 15. h5 h6 16. Nd4 Nc6 17. a4 N6xe5 18. Bf4 Bd6 19. Ng3 Nxd3 20. Bxd6 Nxd6 21. Qxd3 Qxc3 22.
Qd1 O-O 23. Nf3 Qc2 24. Qd4 Qc5 25. Qf4 f6 26. Nh4 e5 27. Qd2 Nc4 28. Qe2 b5 29. Ng6 Rf7 30. Rbd1 bxa4 31. Qf3 d4 32. Ne4 Qc6 33. Qg3 a3 34. Rc1 Be6 35. Nd2 Bd5 36.
Nf3 Bxf3 37. gxf3 a2 38. Ra1 Qa4 39. Rec1 Rd8 40. Qg4 Nd6 41. Qe6 Qd7 42. Qxa2 Kh7 43. Qc2 Qf5 44. Qxf5 Nxf5 45. Rxa6 Rdd7 46. Rd1 Ne7 47.
f4 Nxg6 48. hxg6+ Kxg6 49. fxe5 Kf5 50. e6 Rfe7 51. exd7 Rxd7 52. Ra5+ Ke4 53. Ra3 g5 54. f3+ Kf4 55. Kf2 h5 56. Rad3 Ke5 57. Re1+ Kf5 58.
Re4 Rb7 59. Rexd4 Rb6 60. Rd5+ Kg6 61. Rd6 Rb2+ 62. Rd2 Rb5 63. Re2 Rb4 64. Ree6 Rf4 65. Ke3 h4 66. Re4 Rf5 67. Re8 Rb5 68. Kf2 Rb2+ 69.
Re2 Rb4 70. Ree6 Rf4 71. Kg2 Rf5 72. Ra6 Rf4 73. Re4 Rf5 74. Rea4 Rb5 75. Re4 Rf5 76. Ree6 Rf4 77. Rad6 Kf7 78. Re2 Kg6 79. Red2 Rb4 80. R6d4 Rb5 81. f4 g4 82. f5+ Kg5 83. Rf2 Rb3 84.
Rff4 h3+ 85. Kh2 Rb2+ 86. Kg1 Rg2+ 87. Kh1 Kh4 88. Rd8 Re2 89. Rg8 Re1+ 90. Kh2 Re2+ 91. Kg1 Rg2+ 92. Kf1 Rg3 93. Rh8+ Kg5 94. Rf2 Rb3 95.
Rg8+ Kh4 96. Rf4 Rb1+ 97. Ke2 Rb2+ 98. Ke3 Rg2 99. Ke4 h2 0-1

[Event "Late-Titled-Tuesday-Blitz-January-23-2024"]
[Site "Chess.com"]
[Date "2024.01.23"]
[Round "2"]
[White "Mazetovic"]
[Black "BilodeauA"]
[Result "0-1"]
[WhiteElo "2591"]
[BlackElo "2945"]
[TimeControl "180+1"]
[EndTime "14:20:49 PST"]
[Termination "BilodeauA won by checkmate"]

1. e4 e5 2. Nf3 Nc6 3. Bb5 a6 4. Ba4 d6 5. Bxc6+ bxc6 6. d4 f6 7. c4 Ne7 8. Nc3 Ng6 9. Be3 Be7 10. h3 O-O 11. O-O Be6 12. b3 Qd7 13. Re1 Rae8 14. Qd3 exd4 15. Nxd4 f5 16. Nxe6 Qxe6 17. exf5 Qxf5 18. Qxf5 Rxf5 19. Bd2 Ref8 20. f3 Bf6 21. Rac1 h6 22. Ne4 Bd4+ 23. Be3 Bxe3+ 24. Rxe3 Nf4 25. Rce1 d5 26. Ng3 Rg5 27. Kh2 d4 28. Re7 Rf7 29. h4 Ra5 30. a4 d3 31. Re8+ Kh7 32. Rd8 g5 33. h5 g4 34. fxg4 Kg7 35. Ree8 Ne2 36. Nf5+ Kf6 37. Nxh6 Rh7 38. Ng8+ Kg5 39. h6 Kxg4 40. Rxd3 Nf4 41. Rg3+ Kh4 42. Re4 Rf5 43. Rf3 Kg5 44. g3 Ng6 45. Rxf5+ Kxf5 46. Re8 Ne5 47. Kh3 c5 48. Rf8+ Kg5 49. Rc8 Rh8 50. h7 Rxh7+ 51. Kg2 Rh8 52. Ne7 Rh7 53. Rxc7 Ng4 54. Nd5 Rh8 55. Rxc5 Kg6 56. Nf4+ Kf6 57. Rc6+ Kf5 58.
Rxa6 Rd8 59. Ra5+ Ke4 60. Rd5 Rb8 61. Rd2 Rxb3 62. Re2+ Kf5 63. Ra2 Ne3+ 64. Kh3 Rb8 65. Nh5 Kg5 66. g4 Nxg4 67. Ng3 Rh8+ 68. Nh5 Rxh5+ 69. Kg3 Ne3 70. a5 Rh7 71. a6 Ra7 72.
Kf3 Nxc4 73. Ke4 Nb6 74. Kd4 Kf5 75. Kc5 Nc8 76. Kb5 Ke6 77. Rc2 Kd7 78. Rc3 Ra8 79.
Ka5 Nd6 80. Kb6 Rb8+ 81. Ka7 Rb2 82. Rd3 Kc7 83. Rc3+ Kd7 84. Rd3 Kc6 85. Rc3+ Kd5 86. Rc1 Ke6 87. Ka8 Ne8 88. Re1+ Kd7 89. Rd1+ Kc8 90.
Ka7 Rb3 91. Rh1 Rb2 92. Rh8 Kd7 93. Ka8 Nc7+ 94. Ka7 Ra2 95. Rh7+ Kc6 96. Rh6+ Kc5 97. Rh5+ Nd5 98. Kb7 Rb2+ 99. Ka8 Kc6 100. Rh6+ Kd7 101. Rh7+ Kc6 102. Ka7 Rg2 103. Rh6+ Kc5 104. Rh7 Rg6 105. Rf7 Rh6 106. Rg7 Kb5 107. Rg5 Rh7+ 108. Kb8 Kc6 109. Rg6+ Kb5 110. a7 Nb6 111. Rg5+ Ka6 112. Rg8 Rb7# 0-1

[Event "Late-Titled-Tuesday-Blitz-January-23-2024"]
[Site "Chess.com"]
[Date "2024.01.23"]
[Round "3"]
[White "EsmeraldasAnderson03"]
[Black "ritanovikova"]
[Result "1-0"]
[WhiteElo "2430"]
[BlackElo "2165"]
[TimeControl "180+1"]
[EndTime "14:23:17 PST"]
[Termination "EsmeraldasAnderson03 won by resignation"]

1. d4 e5 2. dxe5 Nc6 3. Nf3 Qe7 4. Bf4 Qb4+ 5. Bd2 Qxb2 6. Nc3 Bb4 7. Rb1 Qa3 8. Rb3 Qa5 9. e4 Nge7 10. a3 Bxc3 11. Bxc3 Qa4 12. Bd3 O-O 13. O-O Ng6 14.
Re1 Re8 15. Bb5 Qxb3 16. cxb3 a6 17. Bc4 b5 18. Bd5 Nge7 19. Ng5 Nxd5 20. exd5 Ne7 21. Qh5 h6 22. Qxf7+ Kh8 23. Qxe8+ 1-0

[Event "Late-Titled-Tuesday-Blitz-January-23-2024"]
[Site "Chess.com"]
[Date "2024.01.23"]
[Round "3"]
[White "crazyluzhinTh3"]
[Black "Fradi82"]
[Result "1-0"]
[WhiteElo "2548"]
[BlackElo "2193"]
[TimeControl "180+1"]
[EndTime "14:23:23 PST"]
[Termination "crazyluzhinTh3 won by resignation"]

1. e4 c5 2. Nf3 Nc6 3. Bb5 e6 4. O-O Nge7 5. Re1 a6 6. Bf1 Nd4 7. d3 Nec6 8. Nbd2 Be7 9. c3 Nxf3+ 10. Nxf3 O-O 11. d4 cxd4 12. cxd4 d5 13. e5 Bd7 14. Bd3 Rc8 15. a3 f6 16. exf6 Bxf6 17. Be3 e5 18. dxe5 Nxe5 19. Nxe5 Bxe5 20. Qh5 g6 21.
Qxe5 1-0

[Event "Late-Titled-Tuesday-Blitz-January-23-2024"]
[Site "Chess.com"]
[Date "2024.01.23"]
[Round "3"]
[White "Rodalquilar"]
[Black "rynos0411"]
[Result "1-0"]
[WhiteElo "2750"]
[BlackElo "2500"]
[TimeControl "180+1"]
[EndTime "14:23:31 PST"]
[Termination "Rodalquilar won by resignation"]

1. d4 Nf6 2. Nf3 e6 3. Bf4 d5 4.
e3 Bd6 5. Nbd2 Bxf4 6. exf4 c5 7. dxc5 Qc7 8. g3 Qxc5 9. Bd3 Nc6 10. c3 O-O 11.
O-O b6 12. Re1 Bb7 13. Nb3 Qd6 14. Nbd4 Nxd4 15. Nxd4 Rfe8 16. Bb5 Re7 17. a4 a6 18. Bf1 e5 19. Nf5 Qd7 20. Nxe7+ Qxe7 21. Rxe5 Qc5 22. Qd4 Qc7 23. Rae1 a5 24. Re7 Qc8 25. Bb5 h6 26. Qxb6 1-0

[Event "Late-Titled-Tuesday-Blitz-January-23-2024"]
[Site "Chess.com"]
[Date "2024.01.23"]
[Round "3"]
[White "DenLaz"]
[Black "Gentlejimmy7"]
[Result "1-0"]
[WhiteElo "3086"]
[BlackElo "2541"]
[TimeControl "180+1"]
[EndTime "14:23:53 PST"]
[Termination "DenLaz won by resignation"]

1. d4 e6 2. c4 f5 3. Nf3 Nf6 4. g3 g6 5. Bg2 Bg7 6. O-O O-O 7.
Nc3 d5 8. Bf4 c6 9. Rc1 Nbd7 10.
b4 Ne4 11. b5 Ndf6 12. bxc6 bxc6 13. Ne5 Bd7 14. Na4 Qe7 15. f3 Nd6 16. Nc5 Rab8 17. Ncxd7 Nxd7 18. Nxc6 1-0

[Event "Late-Titled-Tuesday-Blitz-January-23-2024"]
[Site "Chess.com"]
[Date "2024.01.23"]
[Round "3"]
[White "shirovin"]
[Black "el_sporco"]
[Result "0-1"]
[WhiteElo "1996"]
[BlackElo "2367"]
[TimeControl "180+1"]
[EndTime "14:24:00 PST"]
[Termination "el_sporco won by resignation"]

1. e4 e6 2. d3 d5 3. Nd2 c5 4. Ngf3 Nc6 5. g3 g6 6. Bg2 Bg7 7. O-O Nge7 8. Qe2 O-O 9. exd5 exd5 10. c4 Re8 11. Re1 Bg4 12. Qf1 Nf5 13. a3 Ncd4 14. Nxd4 Nxd4 15. Rxe8+ Qxe8 16. h3 Be2 0-1

[Event "Late-Titled-Tuesday-Blitz-January-23-2024"]
[Site "Chess.com"]
[Date "2024.01.23"]
[Round "3"]
[White "FREZZY23"]
[Black "GMRAVEN_ON_YOUTUBE"]
[Result "0-1"]
[WhiteElo "2516"]
[BlackElo "2846"]
[TimeControl "180+1"]
[EndTime "14:24:21 PST"]
[Termination "GMRAVEN_ON_YOUTUBE won by resignation"]

1. Nf3 f5 2. c4 Nf6 3. g3 g6 4. Bg2 Bg7 5. O-O O-O 6. Nc3 d6 7. d3 e5 8. e4 Nc6 9. Re1 fxe4 10. Nxe4 Nxe4 11. dxe4 Bg4 12. h3 Bxf3 13. Bxf3 Qf6 14. Kg2 Nd4 15. Re3 Rf7 16. Rd3 Raf8 17. Rxd4 exd4 0-1

[Event "Late-Titled-Tuesday-Blitz-January-23-2024"]
[Site "Chess.com"]
[Date "2024.01.23"]
[Round "3"]
[White "dsanchez1973"]
[Black "Perecke"]
[Result "0-1"]
[WhiteElo "2174"]
[BlackElo "2547"]
[TimeControl "180+1"]
[EndTime "14:24:50 PST"]
[Termination "Perecke won by resignation"]

1. e4 c5 2. Nf3 e6 3. d4 cxd4 4. Nxd4 Nc6 5. Nc3 Qc7 6. Nxc6 bxc6 7. Bd3 d5 8. O-O Nf6 9. Re1 Bc5 10. e5 Nd7 11. Bf4 O-O 12. Qh5 g6 13. Qh6 Re8 14.
h4 Bd4 15. Qg5 Qb6 16. Nd1 Ba6 17. c3 Bxe5 18. Bxg6 Bxf4 19. Bxf7+ Kxf7 20. Qxf4+ Nf6 21. Ne3 e5 22. Qh6 Bd3 23. g4 Rg8 24. g5 Rg6 0-1

[Event "Late-Titled-Tuesday-Blitz-January-23-2024"]
[Site "Chess.com"]
[Date "2024.01.23"]
[Round "3"]
[White "CaspiIsrael"]
[Black "SergioMoralesG"]
[Result "1-0"]
[WhiteElo "2670"]
[BlackElo "2461"]
[TimeControl "180+1"]
[EndTime "14:24:59 PST"]
[Termination "CaspiIsrael won by resignation"]

1. e4 c5 2. Nc3 Nc6 3. Bb5 Nd4 4. Bc4 e6 5. Nge2 a6 6. a4 Qc7 7. d3 Nf6 8. Nxd4 cxd4 9. Ne2 Bc5 10. O-O d6 11. Bb3 O-O 12. Ng3 b6 13. f4 Bb7 14.
Bd2 a5 15. Kh1 Bb4 16. Bc1 Bc6 17. Qf3 b5 18. axb5 Bxb5 19. Rf2 a4 20. Ba2 Rac8 21. f5 Bd7 22. Bg5 Ne8 23. fxe6 1-0

[Event "Late-Titled-Tuesday-Blitz-January-23-2024"]
[Site "Chess.com"]
[Date "2024.01.23"]
[Round "3"]
[White "colegiodemadrid"]
[Black "IlanSchnaider"]
[Result "0-1"]
[WhiteElo "2502"]
[BlackElo "2758"]
[TimeControl "180+1"]
[EndTime "14:25:07 PST"]
[Termination "IlanSchnaider won by resignation"]

1. Nf3 Nf6 2. c4 g6 3. b3 Bg7 4. Bb2 O-O 5. d4 b6 6. g3 Bb7 7. Bg2 e6 8. O-O c5 9. e3 d5 10. cxd5 Nxd5 11. Nbd2 Nc6 12. a3 cxd4 13. Nxd4 Nxd4 14.
Bxd4 Bxd4 15. exd4 Nc3 16. Bxb7 Nxd1 17. Rfxd1 Rb8 18.
Bg2 Qxd4 19. Nc4 Qf6 20. Nd6 Rfd8 21. Ne4 Qe5 22. b4 a5 23. bxa5 bxa5 24. h4 h6 25.
Rac1 Qb2 26. Rxd8+ Rxd8 27. Rc7 Qxa3 28. h5 Qa1+ 29. Kh2 Qe5 30. Rc5 Rd5 31. Rc8+ Kg7 32. hxg6 Qh5+ 33. Kg1 Rd1+ 34. Bf1 Rxf1+ 35. Kxf1 Qh1+ 0-1

[Event "Late-Titled-Tuesday-Blitz-January-23-2024"]
[Site "Chess.com"]
[Date "2024.01.23"]
[Round "3"]
[White "picturesquecheck"]
[Black "jjbolanos"]
[Result "0-1"]
[WhiteElo "2386"]
[BlackElo "2130"]
[TimeControl "180+1"]
[EndTime "14:25:10 PST"]
[Termination "jjbolanos won by resignation"]

1. Nf3 Nf6 2. b3 e6 3. Bb2 d5 4. e3 c5 5. Be2 Nc6 6. O-O Bd6 7. c4 O-O 8. cxd5 exd5 9. d4 cxd4 10. Nxd4 Bc7 11. g3 Bh3 12. Re1 Ne4 13. Nc3 Ba5 14.
Rc1 Rc8 15. Bf3 Ne5 16. Bh1 Nxc3 17. Bxc3 Bxc3 18. Re2 Bg4 19. f3 Bxd4 20. Rxc8 Qxc8 21. fxg4 Bb6 0-1

[Event "Late-Titled-Tuesday-Blitz-January-23-2024"]
[Site "Chess.com"]
[Date "2024.01.23"]
[Round "3"]
[White "falzehope0"]
[Black "DefiantChair"]
[Result "1-0"]
[WhiteElo "2418"]
[BlackElo "2582"]
[TimeControl "180+1"]
[EndTime "14:25:23 PST"]
[Termination "falzehope0 won by resignation"]

1. d4 Nf6 2. e3 d5 3. Bd3 e6 4. f4 c5 5. c3 Nc6 6. Nf3 Be7 7.
Nbd2 b6 8. Ne5 Nxe5 9. fxe5 Nd7 10. O-O O-O 11. Qh5 g6 12. Qh3 f5 13. Nf3 a5 14.
Rf2 Ba6 15. Bc2 b5 16. g4 b4 17. gxf5 exf5 18. Bd2 Rb8 19. Kh1 bxc3 20. Bxc3 cxd4 21. exd4 Bb4 22. Rg1 Bxc3 23. bxc3 Rb2 24. Rfg2 Rxc2 25.
Rxg6+ Kh8 26. Rg7 1-0